 Dungeon Crawl Stone Soup version 0.19.1 (webtiles) character file.

8235 CanadianGator the Protected (level 11, -6/136 HPs)
             Began as a Minotaur Transmuter on Dec 1, 2016.
             Was a Priest of Cheibriados.
             Mangled by an enormous slime creature (56 damage)
             ... on level 10 of the Dungeon.
             The game lasted 00:31:35 (11120 turns).

CanadianGator the Protected (Minotaur Transmuter)  Turns: 11120, Time: 00:31:35

Health: -6/136     AC: 25    Str: 22    XL:     11   Next: 7%
Magic:  16/16      EV:  2    Int: 16    God:    Cheibriados [***...]
Gold:   108        SH:  0    Dex: 19    Spells: 5 memorised, 3 levels left

rFire  . . .     SeeInvis +       - Unarmed
rCold  . . .     Gourm    .     (armour currently unavailable)
rNeg   + + +     Faith    .     (no shield)
rPois  +         Spirit   .     (helmet currently unavailable)
rElec  .         Reflect  .     (cloak currently unavailable)
rCorr  .         Harm     .     (gloves currently unavailable)
MR     .....     Clarity  +     (boots currently unavailable)
Stlth  ++........ NoTele   +    (no amulet)
                                (no ring)
                                p - ring of see invisible

@: tree-form, very slow
A: (retaliatory headbutt), (horns 0), blurry vision 1, clarity, (poison
resistance), (shaggy fur 0)
a: Bend Time, Temporal Distortion, Renounce Religion


You were on level 10 of the Dungeon.
You worshipped Cheibriados.
Cheibriados was most pleased with you.
You were not hungry.
You were a tree.
You visited 2 branches of the dungeon, and saw 11 of its levels.
You also visited: Sewer.

You collected 458 gold pieces.
You spent 350 gold pieces at shops.

Inventory:

Missiles
 a - 225 arrows
Armour
 h - +2 fire dragon scales (melded)
 x - a +0 cloak (melded)
 E - a +2 ring mail of cold resistance
 G - a +2 robe of fire resistance
Jewellery
 p - a ring of see invisible (left branch)
Wands
 i - a wand of digging (7/24)
 r - a wand of acid (5/15)
 t - a wand of flame (28/48)
 v - a wand of iceblast (12/15)
 B - a wand of polymorph (13/24)
 D - a wand of lightning (14/15)
 H - a wand of iceblast (7/15)
 J - a wand of digging (12/24)
Scrolls
 o - a scroll of brand weapon {unknown}
 q - a scroll of fog
 u - a scroll of teleportation
 y - a scroll of random uselessness {unknown}
 z - 2 scrolls of magic mapping
 A - 2 scrolls of remove curse
 I - a scroll of fear
 K - a scroll of amnesia
Potions
 b - 3 potions of curing
 e - 2 potions of cancellation
 j - 2 potions of brilliance
 k - a potion of agility
 l - a potion of resistance {unknown}
 m - a potion of cure mutation
 s - a potion of magic
 C - 2 potions of might
 F - a potion of ambrosia
 L - 2 potions of flight
 M - a potion of heal wounds
Books
 c - a book of Changes

   Spells                             Type                      Level
   a - Beastly Appendage              Transmutation                1
   b - Sticks to Snakes               Transmutation                2
   c - Spider Form                    Transmutation/Poison         3
   d - Ice Form                       Ice/Transmutation            4
   e - Blade Hands                    Transmutation                5
Comestibles
 d - 6 bread rations
 f - 3 beef jerkies
 g - 6 fruits
 n - 11 slices of pizza
 N - a meat ration


   Skills:
 + Level 6.6 Fighting
 * Level 9.3 Armour
 + Level 6.7 Dodging
 * Level 9.1 Unarmed Combat
 + Level 4.1 Spellcasting
 * Level 6.5 Transmutations
 + Level 1.8 Invocations
 + Level 3.6 Evocations


You had 3 spell levels left.
You knew the following spells:

 Your Spells              Type           Power        Failure   Level  Hunger
a - Beastly Appendage     Tmut           ###...       1%          1    None
b - Sticks to Snakes      Tmut           ###.....     1%          2    ##.....
c - Blade Hands           Tmut           ###.......   34%         5    ######.
d - Spider Form           Tmut/Pois      ##........   14%         3    ###....
e - Ice Form              Ice/Tmut       ##......     50%         4    ####...


Dungeon Overview and Level Annotations

Branches:
Dungeon (10/15)            Temple (1/1) D:7            Lair (0/6) D:8
    Orc: D:9-12

Altars:
Ashenzari
Cheibriados
Dithmenos
Fedhas
Hepliaklqana
Qazlal
Sif Muna
Trog
Uskayaw
Vehumet
Xom

Shops:
D:6 !   D:9 ?[


Innate Abilities, Weirdness & Mutations

((You reflexively headbutt those who attack you in melee.))
((You have a pair of horns on your head.))
Scrolls take you a little longer to read.
You possess an exceptional clarity of mind.
((Your system is resistant to poisons. (rPois)))
((You are covered in fur. (AC +1)))


Message History

The enormous slime creature is heavily wounded.
The enormous slime creature hits you!!
You pummel the enormous slime creature!!
You punch the enormous slime creature.
The enormous slime creature is heavily wounded.
A large slime creature splits.
The enormous slime creature hits you but does no damage.
You cannot move.
You hit the enormous slime creature but do no damage.
The enormous slime creature is heavily wounded.
The slime creature hits you but does no damage.
The enormous slime creature barely misses you.
You pummel the enormous slime creature!!
The enormous slime creature is heavily wounded.
The slime creature hits you!
The slime creature hits you but does no damage.
You pummel the enormous slime creature!!
The enormous slime creature is severely wounded.
The enormous slime creature hits you!!!
You die...

..## #..........# #......
...####........... #.......
.....##........... .......##.
.##............## ......####
######.........# ###...## #
##...##...# ##.. ##..# #...
#.# #..# #.J### ##...### #
#..# #.J♣.######......##.
#..## ##.J................
##)..###.......>..........# #
##............###........... #
##.........#....#............
#
##...####..####...............
####..### ##.#
###..........[.. .##...# #.#
#............. ..)..## .
##..##.....#...


You could see an enormous slime creature and 2 slime creatures.

Vanquished Creatures
  The ghost of Duelies the Basher, a novice TrFi of Okawaru (D:10)
  The ghost of vicissi the Cleaver, a novice HOFi of Beogh (D:9)
  Erica (D:8)
  2 hill giants (D:10)
  Joseph (D:8)
  A troll (D:10)
  Prince Ribbit (D:6)
  A hippogriff (D:10)
  A hungry ghost (D:8)
  Edmund (D:5)
  Duvessa (D:5)
  An orc warrior (D:8)
  An ice beast (D:8)
  A necrophage (D:4)
  2 phantoms (D:4)
  4 ogres
  4 centaurs
  4 big kobolds (Sewer)
  5 bullfrogs
  2 water moccasin zombies
  Dowan (D:5)
  A wyvern skeleton (D:10)
  A scorpion (D:10)
  16 killer bees
  5 wights (D:8)
  4 howler monkeys
  3 crimson imps
  A bullfrog zombie (D:6)
  6 hounds
  A jelly (D:9)
  Crazy Yiuf (D:6)
  A bullfrog skeleton (D:8)
  Jessica (D:2)
  A centaur skeleton (D:10)
  5 iguanas
  3 orc wizards
  7 worker ants
  2 hound zombies
  A hound skeleton (D:6)
  A howler monkey zombie (D:8)
  A worker ant zombie (D:10)
  15 adders
  2 river rats
  7 shadow imps
  6 oozes
  An adder zombie (D:5)
  8 worms
  A dart slug (D:1)
  4 leopard geckos
  26 orcs
  8 giant cockroaches
  4 goblins
  5 hobgoblins
  6 jackals
  8 quokkas
  7 ball pythons
  11 bats
  5 frilled lizards
  9 kobolds
  2 leopard gecko skeletons
  13 rats
  2 fungi (D:6)
249 creatures vanquished.

Notes
Turn   | Place    | Note
-------+----------+-------------------------------------------
     0 | D:1      | CanadianGator the Minotaur Transmuter began the quest for the Orb.
     0 | D:1      | Reached XP level 1. HP: 16/16 MP: 1/1
   242 | D:1      | Reached XP level 2. HP: 23/23 MP: 3/3
  1004 | D:2      | Reached XP level 3. HP: 28/28 MP: 4/4
  1124 | D:2      | Reached skill level 1 in Armour
  1461 | D:2      | Reached XP level 4. HP: 32/36 MP: 5/5
  1769 | D:2      | Found a deep blue altar of Sif Muna.
  1811 | D:2      | Found a shadowy altar of Dithmenos.
  1939 | D:2      | Noticed Jessica
  1945 | D:2      | Killed Jessica
  2112 | D:3      | Found a hide-covered altar of Uskayaw.
  2138 | D:3      | Reached XP level 5. HP: 41/41 MP: 6/6
  2655 | D:4      | Noticed a necrophage
  2663 | D:4      | Killed a necrophage
  2663 | D:4      | Reached XP level 6. HP: 50/50 MP: 6/8
  3021 | D:4      | Reached XP level 7. HP: 19/57 MP: 9/9
  3024 | D:4      | Reached skill level 5 in Unarmed Combat
  3164 | D:4      | Found a glowing drain.
  3173 | Sewer    | Entered a sewer
  3743 | Sewer    | Reached XP level 8. HP: 54/66 MP: 10/10
  4048 | D:5      | Entered Level 5 of the Dungeon
  4071 | D:5      | Noticed Edmund
  4106 | D:5      | HP: 3/66 [Edmund/flail of draining (3)]
  4113 | D:5      | HP: 3/66 [Edmund/flail of draining (2)]
  4120 | D:5      | Killed Edmund
  4120 | D:5      | Reached skill level 5 in Armour
  4756 | D:5      | Found a hazy altar of Hepliaklqana.
  4757 | D:5      | Found a shimmering altar of Xom.
  4758 | D:5      | Noticed a spectral ugly thing
  5205 | D:5      | Noticed Duvessa
  5205 | D:5      | Noticed Dowan
  5231 | D:5      | Killed Duvessa
  5232 | D:5      | Killed Dowan
  6079 | D:6      | Noticed Prince Ribbit
  6105 | D:6      | HP: 2/67 [Prince Ribbit (15)]
  6109 | D:6      | Killed Prince Ribbit
  6109 | D:6      | Reached XP level 9. HP: 3/73 MP: 12/12
  6435 | D:6      | Reached skill level 1 in Evocations
  6474 | D:6      | Found Wiehabre's Distillery.
  6495 | D:6      | Bought a potion of agility for 44 gold pieces
  6495 | D:6      | Bought a potion of heal wounds for 55 gold pieces
  6495 | D:6      | Bought a potion of mutation for 27 gold pieces
  6495 | D:6      | Bought a potion of might for 44 gold pieces
  6495 | D:6      | Gained mutation: Scrolls take you a little longer to read. [potion of mutation]
  6495 | D:6      | Gained mutation: You possess an exceptional clarity of mind. [potion of mutation]
  6495 | D:6      | Gained mutation: You are covered in fur. (AC +1) [potion of mutation]
  6722 | D:6      | Learned a level 2 spell: Sticks to Snakes
  6728 | D:6      | Learned a level 5 spell: Blade Hands
  6787 | D:6      | Reached skill level 5 in Fighting
  6964 | D:6      | Found a runed door.
  6970 | D:6      | Noticed Crazy Yiuf
  6973 | D:6      | Killed Crazy Yiuf
  7107 | D:7      | Gained mutation: Your system is resistant to poisons. (rPois) [potion of beneficial mutation]
  7143 | D:7      | Reached skill level 5 in Transmutations
  7245 | D:7      | Found a blossoming altar of Fedhas.
  7270 | D:7      | Found a shattered altar of Ashenzari.
  7464 | D:7      | Found a staircase to the Ecumenical Temple.
  7472 | Temple   | Entered the Ecumenical Temple
  7478 | Temple   | Became a worshipper of Cheibriados the Contemplative
  7532 | D:8      | Found a staircase to the Lair.
  7555 | D:8      | Reached skill level 5 in Dodging
  7656 | D:8      | Noticed Joseph
  7670 | D:8      | Killed Joseph
  8089 | D:8      | Noticed Erica
  8112 | D:8      | Killed Erica
  8112 | D:8      | Reached * piety under Cheibriados
  8112 | D:8      | Reached XP level 10. HP: 52/83 MP: 14/14
  8841 | D:9      | Found a shattered altar of Ashenzari.
  8841 | D:9      | Noticed vicissi's ghost (novice HOFi)
  8874 | D:9      | Killed vicissi's ghost
  9296 | D:9      | Found Suafyraf's Magic Scroll Emporium.
  9304 | D:9      | Bought a scroll of identify for 24 gold pieces
  9304 | D:9      | Bought a scroll of identify for 24 gold pieces
  9304 | D:9      | Bought a scroll of identify for 24 gold pieces
  9304 | D:9      | Bought a scroll of magic mapping for 42 gold pieces
  9304 | D:9      | Bought a scroll of identify for 24 gold pieces
  9304 | D:9      | Bought a scroll of amnesia for 42 gold pieces
  9396 | D:9      | Found Doanugiami's Armour Shop.
  9435 | D:9      | Reached ** piety under Cheibriados
  9493 | D:9      | Found a bloodstained altar of Trog.
  9554 | D:10     | Entered Level 10 of the Dungeon
  9743 | D:10     | Reached skill level 1 in Invocations
  9792 | D:10     | Noticed Duelies's ghost (novice TrFi)
  9826 | D:10     | Killed Duelies's ghost
 10342 | D:10     | Noticed a hill giant
 10351 | D:10     | Killed a hill giant
 10543 | D:10     | Noticed a hill giant
 10553 | D:10     | Killed a hill giant
 10553 | D:10     | Reached XP level 11. HP: 44/91 MP: 16/16
 10841 | D:10     | Learned a level 3 spell: Spider Form
 10846 | D:10     | Learned a level 4 spell: Ice Form
 10887 | D:10     | Reached *** piety under Cheibriados
 11120 | D:10     | Mangled by an enormous slime creature

Skill      XL: |  1  2  3  4  5  6  7  8  9 10 |
---------------+-------------------------------+-----
Transmutations | 2 3 4 5 6 |  6.5
Armour         | 1 2 3 4 6 8 9 |  9.3
Unarmed Combat | 4 5 6 8 9 |  9.1
Fighting       | 2 3 4 5 6 |  6.6
Dodging        | 3 4 5 6 |  6.7
Spellcasting   | 2 3 4 |  4.1
Evocations     | 2 3 |  3.6
Invocations    | 1 |  1.8

Action                   |  1- 3 |  4- 6 |  7- 9 | 10-12 || total
-------------------------+-------+-------+-------+-------++-------
Melee: Unarmed           |   112 |   197 |   611 |   212 ||  1132
       Headbutt          |    12 |    25 |   101 |    44 ||   182
       Punch             |     1 |     2 |    10 |    17 ||    30
       Kick              |       |       |     6 |     9 ||    15
 Cast: Beastly Appendage |       |       |     2 |     2 ||     4
       Sticks to Snakes  |       |       |       |    10 ||    10
       Spider Form       |       |       |       |     2 ||     2
Evoke: Wand              |       |       |    26 |     9 ||    35
  Use: Scroll            |       |     6 |    14 |    11 ||    31
       Potion            |       |       |     9 |     6 ||    15
 Stab: Sleeping          |     2 |       |       |       ||     2
       Distracted        |       |       |       |     2 ||     2
  Eat: Chunk             |     1 |     6 |     9 |       ||    16
       Bread ration      |       |       |     3 |     1 ||     4
Armor: Robe              |     6 |       |       |       ||     6
       Fire dragon scale |    20 |    99 |   241 |    90 ||   450
       Skin              |       |       |       |     8 ||     8
Dodge: Dodged            |    51 |   104 |   278 |   143 ||   576
